 Dungeon Crawl Stone Soup version 0.26.1-11-gd32895ea62 (webtiles) character file.

Game seed: 12106240282282364967

207 ubername the Bolt Thrower (level 6, -3/36 HPs)
             Began as a Kobold Hunter on July 16, 2021.
             Slain by an ogre
             ... wielding a +0 giant club
              (12 damage)
             ... on level 4 of the Dungeon.
             The game lasted 00:09:02 (3474 turns).

ubername the Bolt Thrower (Kobold Hunter)           Turns: 3474, Time: 00:09:03

Health: -3/36      AC: 11    Str:  7 (10) XL:     6   Next: 11%
Magic:  6/6        EV: 13    Int: 11 (14) God:
Gold:   189        SH:  0    Dex: 16 (17) Spells: 5/5 levels left

rFire    . . .     SeeInvis .   a - +1 hand crossbow
rCold    . . .     Faith    .   (shield restricted)
rNeg     + . .     Spirit   .   s - +0 ring mail
rPois    .         Reflect  .   (no helmet)
rElec    .         Harm     .   (no cloak)
rCorr    .         Rampage  .   (no gloves)
Will     .....                  (no boots)
Stlth    ++........             (no amulet)
HPRegen  0.12/turn              p - +4 ring of protection
MPRegen  0.10/turn              u - ring of positive energy

@: no status effects
A: small, icy blue scales 1, clever 1, nightstalker 3
a: no special abilities


You were on level 4 of the Dungeon.
You visited 1 branch of the dungeon, and saw 4 of its levels.

You collected 189 gold pieces.

Inventory:

Hand Weapons
 a - a +1 hand crossbow (weapon)
 b - a +0 rapier
Missiles
 d - 28 bolts (quivered ammo)
 z - 26 poisoned darts
Armour
 s - a +0 ring mail (worn)
Jewellery
 g - an uncursed ring of fire {unknown}
 p - a +4 ring of protection (left hand)
 u - a ring of positive energy (right hand)
Scrolls
 c - a scroll of identify
 f - 2 scrolls of amnesia
 h - 2 scrolls of fog
 j - a scroll of immolation
 r - 4 scrolls of teleportation
Potions
 e - a potion of might
 q - a potion of heal wounds
 v - a potion of attraction {unknown}
 x - a potion of haste {unknown}


   Skills:
 + Level 2.9 Fighting
 + Level 1.2 Short Blades
 + Level 6.9 Crossbows
 + Level 1.7 Armour
 + Level 3.0 Dodging
 + Level 2.0 Stealth


You had 5 spell levels left.
You didn't know any spells.
Your spell library was empty.

Dungeon Overview and Level Annotations

Branches:
Dungeon (4/15)
 Temple: D:4-7

Altars:


Innate Abilities, Weirdness & Mutations

You are small and have problems with some larger weapons.
You are completely attuned to the shadows.
You are partially covered in icy blue scales. (AC +2)
Your mind is acute. (Int +2)


Message History

An ogre comes into view. It is wielding a +0 giant club.
Fire: 29 bolts
Press: ? - help, Q - select action, (/) - cycle Shift-Dir - straight line, f - ogre
Aim: an ogre, wielding a +0 giant club (80% to hit)
You shoot a bolt. The bolt hits the ogre!
The ogre is moderately wounded.
There is a stone staircase leading up here.
You climb upwards.
There is a stone staircase leading down here.
There is a stone staircase leading down here.
You climb downwards.
There is a stone staircase leading up here.
An ogre comes into view. It is wielding a +0 giant club.
The ogre shouts!
You hear a shout! x2
The ogre hits you with a +0 giant club!!
Ouch! That really hurt!
* * * LOW HITPOINT WARNING * * *
There is a stone staircase leading up, spattered with blood here.
The ogre hits you with a +0 giant club!
You die...

## .# #.#
.#
#.###.###
#@......
##O..##
##..#
.#... .#
#### .#


You could see an ogre.

Vanquished Creatures
  An orc wizard (D:3)
  An orc priest (D:3)
  3 gnolls (D:3)
  3 adders
  A worm (D:2)
  A dart slug (D:2)
  3 leopard geckos
  4 orcs (D:3)
  5 bats
  2 giant cockroaches (D:1)
  9 goblins
  8 hobgoblins
  16 jackals
  8 kobolds
  A ball python (D:2)
  4 frilled lizards
  7 rats
77 creatures vanquished.

Notes
Turn   | Place    | Note
-------+----------+-------------------------------------------
     0 | D:1      | ubername the Kobold Hunter began the quest for the Orb.
     0 | D:1      | Reached XP level 1. HP: 12/12 MP: 1/1
    54 | D:1      | Reached skill level 5 in Crossbows
    95 | D:1      | Reached XP level 2. HP: 17/17 MP: 2/2
   586 | D:1      | Reached XP level 3. HP: 11/21 MP: 3/3
  1542 | D:2      | Reached XP level 4. HP: 16/27 MP: 4/4
  2023 | D:2      | Reached skill level 6 in Crossbows
  2029 | D:2      | Reached skill level 1 in Short Blades
  2618 | D:3      | Reached XP level 5. HP: 32/32 MP: 5/5
  2630 | D:3      | Reached skill level 1 in Armour
  2972 | D:3      | Reached XP level 6. HP: 36/36 MP: 6/6
  3031 | D:3      | Gained mutation: You are partially covered in icy blue
                  | scales. (AC +2) [potion of mutation]
  3031 | D:3      | Gained mutation: Your mind is acute. (Int +2) [potion of
                  | mutation]
  3419 | D:4      | Noticed an ogre
  3471 | D:4      | Noticed an ogre
  3474 | D:4      | Slain by an ogre

Illustrated notes

Levels and vault maps discovered:
D:1:      dpeg_arrival_pits, layout_rooms, minmay_tetromino_l4
D:2:      layout_basic, kennysheep_generic_room_4
D:3:      layout_basic, due_unseen_surprise
D:4:      layout_loops_ring, serial_shops, nicolae_shop_crystal

Skill      XL: |  1  2  3  4  5 |
---------------+----------------+-----
Crossbows      | 5 6 |  6.9
Short Blades   | 1 |  1.2
Armour         | 1 |  1.7
Stealth        | 2 |  2.0
Dodging        | 3 |  3.0
Fighting       | |  2.9

Action                   |  1- 3 |  4- 6 || total
-------------------------+-------+-------++-------
Melee: Short sword       |    90 |     3 ||    93
 Fire: Hand crossbow     |    43 |    88 ||   131
  Use: Scroll            |       |     8 ||     8
       Potion            |       |     9 ||     9
 Stab: Sleeping          |     1 |       ||     1
Armor: Leather armour    |    10 |       ||    10
       Ring mail         |    18 |    13 ||    31
Dodge: Dodged            |    71 |    22 ||    93
